 Dungeon Crawl Stone Soup version 0.20-a0-453-g91466d2 (webtiles) character file.

160 Kriby the Magician (level 5, -1/35 HPs)
             Began as a Mummy Fire Elementalist on Jan 8, 2017.
             Killed from afar by an orc wizard (9 damage)
             ... with a magic dart
             ... on level 4 of the Dungeon.
             The game lasted 00:04:17 (3791 turns).

Kriby the Magician (Mummy Fire Elementalist)        Turns: 3791, Time: 00:04:18

Health: -1/35      AC:  2    Str: 11    XL:     5   Next: 17%
Magic:  6/11       EV: 12    Int: 16    God:
Gold:   110        SH:  0    Dex: 12    Spells: 2/12 levels left

rFire  x . .     SeeInvis +     m - +1 short sword (venom)
rCold  + . .     Gourm    .     a - +0 robe
rNeg   + + +     Faith    .     (no shield)
rPois  ∞         Spirit   .     f - +0 hat {SInv}
rElec  .         Reflect  .     (no cloak)
rCorr  .         Harm     .     (no gloves)
MR     .....                    (no boots)
Stlth  ++........               (no amulet)
                                (no ring)
                                (no ring)

@: very slightly contaminated
A: no food or potions, fire vulnerability, cold resistance 1, negative energy
resistance 3, torment resistance, unbreathing
a: no special abilities


You were on level 4 of the Dungeon.
You were not hungry.

You visited 1 branch of the dungeon, and saw 4 of its levels.

You collected 110 gold pieces.

Inventory:

Hand Weapons
 m - a +1 short sword of venom (weapon)
Armour
 a - a +0 robe (worn)
 f - a +0 hat of see invisible (worn)
Scrolls
 d - 2 scrolls of teleportation {unknown}
 e - a scroll of remove curse {unknown}
 g - 3 scrolls of identify {unknown}
 h - a scroll of magic mapping {unknown}
 i - 3 scrolls of amnesia {unknown}
 j - a scroll of fear {unknown}
 l - 2 scrolls of enchant armour {unknown}
Books
 b - a book of Flames

   Spells                             Type                      Level
   a - Flame Tongue                   Conjuration/Fire             1
   b - Throw Flame                    Conjuration/Fire             2
   c - Conjure Flame                  Conjuration/Fire             3
   d - Inner Flame                    Hexes/Fire                   3
   e - Sticky Flame                   Conjuration/Fire             4
   f - Fireball                       Conjuration/Fire             5
 c - a Young Poisoner's Handbook

   Spells                             Type                      Level
   a - Sting                          Conjuration/Poison           1
   b - Poisonous Vapours              Poison/Air                   2
   c - Mephitic Cloud                 Conjuration/Poison/Air       3
   d - Olgreb's Toxic Radiance        Poison                       4
   e - Venom Bolt                     Conjuration/Poison           5


   Skills:
 - Level 1.5 Dodging
 - Level 1.5 Stealth
 + Level 4.0 Spellcasting
 * Level 3.0 Conjurations
 + Level 3.1 Fire Magic


You had 2 spell levels left.
You knew the following spells:

 Your Spells              Type           Power        Failure   Level  Hunger
a - Flame Tongue          Conj/Fire      ##...        6%          1    N/A
b - Conjure Flame         Conj/Fire      ##......     14%         3    N/A
c - Sticky Flame          Conj/Fire      ##......     50%         4    N/A
d - Throw Flame           Conj/Fire      ##....       10%         2    N/A

Dungeon Overview and Level Annotations

Branches:
Dungeon (4/15)
 Temple: D:4-7

Altars:
Elyvilon
Kikubaaqudgha
Nemelex Xobeh


Innate Abilities, Weirdness & Mutations

You do not eat or drink.
Your flesh is vulnerable to fire.
You are immune to poison.
Your flesh is cold resistant. (rC+)
You are immune to negative energy. (rN+++)
You are immune to unholy pain and torment.
You can survive without breathing.


Message History

Confirm with . or Enter, or press ? or * to list all spells.
Aiming: Flame Tongue
Press: ? - help, Shift-Dir - straight line, f/p - orc wizard
Aim: an orc wizard, wielding a dagger of freezing and wearing a robe (moderately wounded, fast)
The flame tongue hits the orc wizard.
The orc wizard is heavily wounded.
The orc wizard points at you and mumbles some strange words.
The magic dart hits you!
Casting: Flame Tongue
Confirm with . or Enter, or press ? or * to list all spells.
The spell is very dangerous to cast!
Continue anyway?
Okay, then.
The orc priest calls down the wrath of Beogh upon you.
Beogh smites you!
* * * LOW HITPOINT WARNING * * *
The orc wizard barely misses you.
There is a stone staircase leading up here.
The orc wizard casts a spell at you. The magic dart hits you!
You die...

.#..........##.#...
...........'....oo
#..........#
#......o##
##.....## ##...##
#######)##
#.....o.# #.####@.#
#..# #...# .....#
##...## #..## ...#
....


You could see an orc priest and an orc wizard.

Vanquished Creatures
  2 orc priests
  2 adders (D:2)
  An ooze (D:3)
  A worm (D:2)
  4 leopard geckos
  An orc (D:3)
  5 giant cockroaches
  10 goblins
  9 hobgoblins
  5 jackals (D:2)
  9 kobolds
  A quokka (D:2)
  2 ball pythons
  8 bats
  4 frilled lizards
  5 rats
69 creatures vanquished.

Notes
Turn   | Place    | Note
-------+----------+-------------------------------------------
     0 | D:1      | Kriby the Mummy Fire Elementalist began the quest for the Orb.
     0 | D:1      | Reached XP level 1. HP: 13/13 MP: 4/4
    48 | D:1      | Reached skill level 1 in Conjurations
   103 | D:1      | Reached skill level 3 in Spellcasting
   389 | D:1      | Reached XP level 2. HP: 19/19 MP: 3/6
  1177 | D:1      | Reached XP level 3. HP: 24/24 MP: 5/7
  1659 | D:2      | Learned a level 3 spell: Conjure Flame
  1937 | D:2      | Found a white marble altar of Elyvilon.
  1945 | D:2      | Reached XP level 4. HP: 30/30 MP: 5/9
  2236 | D:2      | Found an ancient bone altar of Kikubaaqudgha.
  3454 | D:3      | Found a sparkling altar of Nemelex Xobeh.
  3734 | D:4      | Reached skill level 4 in Spellcasting
  3734 | D:4      | Reached XP level 5. HP: 35/35 MP: 6/11
  3779 | D:3      | Learned a level 4 spell: Sticky Flame
  3782 | D:3      | Learned a level 2 spell: Throw Flame
  3791 | D:4      | Killed from afar by an orc wizard

Vault maps used:
D:1:      wheals_arrival_shading, hangedman_decor_clover_reticule
D:2:      elyvilon_altar_5, lemuel_doored_altar, corexii_hall_statues_i
D:3:      marbit_many_paths

Skill      XL: |  1  2  3  4 |
---------------+-------------+-----
Conjurations   | 1 2 3 |  3.0
Spellcasting   | 3 4 |  4.0
Fire Magic     | 3 |  3.1
Dodging        | |  1.5
Stealth        | |  1.5

Action                   |  1- 3 |  4- 6 || total
-------------------------+-------+-------++-------
Melee: Club              |    15 |     1 ||    16
       Unarmed           |     5 |       ||     5
       Short sword       |       |     4 ||     4
       Dagger            |       |     1 ||     1
 Cast: Flame Tongue      |    70 |    54 ||   124
Armor: Robe              |    14 |     5 ||    19
Dodge: Dodged            |    45 |    18 ||    63
